 Dungeon Crawl Stone Soup version 0.28-a0-828-g0121872642 (webtiles) character file.

Game seed: 4555542938288840629

0 spiderkeys the Skirmisher (level 1, -2/9 HPs)
             Began as a Tengu Abyssal Knight on Nov 11, 2021.
             Was a Follower of Lugonu.
             Slain by a tentacled starspawn (7 damage)
             ... on level 1 of the Abyss.
             The game lasted 00:00:24 (188 turns).

spiderkeys the Skirmisher (Tengu Abyssal Knight)     Turns: 188, Time: 00:00:25

Health: -2/9       AC:  1    Str:  9    XL:     1   Next: 0%
Magic:  3/3        EV: 11    Int: 10    God:    Lugonu [*.....]
Gold:   0          SH:  0    Dex: 14    Spells: 0/0 levels left

rFire   . . .      SeeInvis .   a - +1 spear
rCold   . . .      Faith    .   (no shield)
rNeg    . . .      Spirit   .   b - +0 leather armour
rPois   .          Reflect  .   (helmet restricted)
rElec   .          Harm     .   (no cloak)
rCorr   .          Rampage  .   (no gloves)
Will    .....                   (boots unavailable)
Stlth   +.........              (no amulet)
HPRegen 0.03/turn               (no ring)
MPRegen 0.08/turn               (no ring)

@: no status effects
A: beak, talons 3, [deformed body], [frail 3], [weak 2]
a: Renounce Religion, Depart the Abyss


You were on level 1 of the Abyss.
You worshipped Lugonu.
Lugonu was aware of your devotion.
You visited 0 branches of the dungeon, and saw 0 of its levels.
You visited the Abyss 1 time.


Innate Abilities, Weirdness & Mutations

You have a beak for a mouth.
You have claws for feet.
[Armour fits poorly on your strangely shaped body.]
[You are extremely frail. (-30% HP)]
[You are very weak. (Str -4)]


   Skills:
 + Level 3.0 Fighting
 + Level 2.1 Polearms
 + Level 2.1 Armour
 + Level 1.1 Dodging
 + Level 1.5 Invocations


You couldn't memorise any spells.
You didn't know any spells.
Your spell library was empty.

Inventory:

Hand Weapons
 a - a +1 spear (weapon)
Armour
 b - a +0 leather armour (worn)

Dungeon Overview and Level Annotations

Branches:
Dungeon (0/15)

Altars:

#....#../......
#..............
#.#...........##
#.....X.......##
####.#..#.........
#...#.<###│..#....
........\#.│.....##
..##*....X.w.....##
#. #....@........
..# ##.........[=.
#.§ #..#...≈≈..## .
....##≈..≈≈..#
.....≈≈♣.......G
.#.#≈.≈≈........
#≈≈≈≈.....≈≈..## .≈
#..........#
.≈.#).......


You could see a tentacled starspawn, a wretched star and a starspawn tentacle.


Message History

🤖 Initializing magus.rc ... ✅ Successfully initialized magus.rc [v1.9.10] Welcome, spiderkeys the Tengu Abyssal Knight.
It is said that the Orb of Zot exists deep within this dungeon.
Lugonu says: Depart the Abyss and spread corruption, my servant! (use the ability menu to exit the Abyss) Press ? for a list of commands and other information.
Found a corrupted altar of Lugonu.
There is a corrupted altar of Lugonu here.
Found a gateway leading out of the Abyss.
A tentacled starspawn comes into view.
A starspawn tentacle comes into view.
The starspawn tentacle grabs you.
The starspawn tentacle constricts you. 😕 HP[-2]
You take 2 damage, and now have 12/14 hp.
You escape the starspawn tentacle's grasp.
Unknown command.
You see here a scroll labelled FYHIEGIZEORGH.
As you read the scroll labelled FYHIEGIZEORGH, it crumbles to dust.
It is a scroll of identify.
You don't have any unidentified items.
A wretched star comes into view.
The wretched star pulses with an eldritch light!
You feel weaker. x2
The wretched star pulses with an eldritch light!
You feel frail. x2
The starspawn tentacle closely misses you. 😎 HP[-1]
You now have 11 max hp (-3).
The wretched star pulses with an eldritch light!
Your body twists and deforms.
The starspawn tentacle grabs you. The starspawn tentacle constricts you.
An eye of devastation comes into view. 😮 HP[-3]
You take 3 damage, and now have 8/11 hp.
MASSIVE DAMAGE!! (PAUSE)
The starspawn tentacle's grasp on you weakens, but your attempt to escape fails.
The eye of devastation turns its gaze towards you.
The wretched star pulses with an eldritch light!
You feel frail. The starspawn tentacle constricts you.
The starspawn tentacle loses its grip on you.
The tentacle pulls you backwards! The tentacled starspawn bites you!
Ouch! That really hurt!
You die...

Action                   || total
-------------------------++-------
  Use: Scroll            ||     1
Dodge: Dodged            ||     1

Levels and vault maps discovered:
Abyss:1:  base: Temple, base:
Temple

Notes
Turn   | Place    | Note
-------+----------+-------------------------------------------
     0 | Abyss:1  | spiderkeys the Tengu Abyssal Knight began the quest for the
                  | Orb.
     0 | Abyss:1  | Reached XP level 1. HP: 14/14 MP: 3/3
     0 | Abyss:1  | magus.rc [v1.9.10]
   173 | Abyss:1  | Noticed a tentacled starspawn
   180 | Abyss:1  | Noticed a large abomination
   182 | Abyss:1  | Noticed a wretched star
   187 | Abyss:1  | Noticed an eye of devastation
   188 | Abyss:1  | Slain by a tentacled starspawn

Vanquished Creatures (others)
  A starspawn tentacle (Abyss:1)
1 creature vanquished.

Table legend:
 A = Non-vault XP
 B = Vault XP
 C = Vault XP percentage of total XP
 D = Non-vault monster count
 E = Vault monster count
 F = Vault count percentage of total count
                 A         B        C        D         E       F
            +---------+---------+-------+---------+---------+-------
      Total |       0 |       0 |   N/A |       0 |       0 |  -nan
            +---------+---------+-------+---------+---------+-------
            +---------+---------+-------+---------+---------+-------

Illustrated notes

Table legend: (Time is in decaauts)
 A = Elapsed time spent in this place.
 B = Non-inter-level travel time spent in this place.
 C = Inter-level travel time spent in this place.
 D = Time resting spent in this place.
 E = Time spent auto-exploring this place.
 F = Levels seen in this place.
 G = Mean time per level.
                   A        B        C        D        E       F      G
               +--------+--------+--------+--------+--------+-----+--------+
         Total |    188 |    188 |      0 |      0 |    134 |   1 |  188.0 |
         Abyss |    188 |    188 |      0 |      0 |    134 |   1 |  188.0 |
               +--------+--------+--------+--------+--------+-----+--------+

Top non-repeatable levels by time:
 Abyss:1: 188 daAuts
